 Dungeon Sprint DCSS version 0.28.0-53-g5a82cb258f (webtiles) character file.

Game seed: 8777833680194698307

16621 cbfl8 the Executioner (level 12, 0/130 HPs)
             Began as a Minotaur Berserker on July 31, 2022.
             Was the Champion of Trog.
             Succumbed to an ogre mage's poison
             ... in the Dungeon (Sprint IX: "|||||||||||||||||||||||||||||").
             The game lasted 00:07:17 (3322 turns).

cbfl8 the Executioner (Minotaur Berserker)          Turns: 3322, Time: 00:07:17

Health: 0/130      AC: 19    Str: 25    XL:     12   Next: 11%
Magic:  11/11      EV: 15    Int:  5    God:    Trog [******]
Gold:   1432       SH:  0    Dex: 20    Spells: 11/11 levels left

rFire   + . .      SeeInvis .   r - +6 executioner's axe "Muzaluch" {flame, Str+2 Int-2 Dex+3 Stlth+}
rCold   + . .      Faith    .   (shield currently unavailable)
rNeg    . . .      Spirit   .   C - +0 plate armour
rPois   +          Reflect  .   (helmet restricted)
rElec   +          Harm     .   (no cloak)
rCorr   +          Rampage  .   l - +0 pair of gloves
Will    .....      NoTele   +   z - +0 pair of boots
Stlth   ..........              (no amulet)
HPRegen 0.31/turn               o - +3 ring of intelligence
MPRegen 0.12/turn               n - +3 ring of dexterity

@: lethally poisoned (0 -> -7), resistant
A: horns 2, retaliatory headbutt, subdued magic 1
a: Renounce Religion, Berserk, Trog's Hand, Brothers in Arms


You were in the Dungeon.
You worshipped Trog.
Trog was exalted by your worship.
You visited 1 branch You collected 1432 gold pieces.

Inventory:

Hand Weapons
 a - a +0 hand axe
 c - a +0 shortbow
 k - a +1 vorpal broad axe
 q - a +2 scimitar of flaming
 r - the +6 executioner's axe "Muzaluch" (weapon) {flame, Str+2 Int-2 Dex+3 Stlth+}
   (Trog gifted it to you in the Dungeon)

   It burns those it strikes, dealing additional fire damage.
   Big, fiery blades are also staple armaments of hydra-hunters.
   Str:       It affects your strength (+2).
   Int:       It affects your intelligence (-2).
   Dex:       It affects your dexterity (+3).
   Stlth:     It makes you more stealthy.
 x - a +6 glaive of flaming
 B - a +6 executioner's axe
Missiles
 d - 44 arrows
Armour
 b - a +0 animal skin
 l - a +0 pair of gloves (worn)
 m - a +1 chain mail
 z - a +0 pair of boots (worn)
 C - a +0 plate armour (worn)
Jewellery
 n - a +3 ring of dexterity (right hand)
 o - a +3 ring of intelligence (left hand)
Wands
 j - a wand of iceblast (4)
 y - a wand of flame (5) (quivered)
Scrolls
 p - 2 scrolls of amnesia
 u - 4 scrolls of identify
 w - 3 scrolls of fog
Potions
 f - 4 potions of magic
 g - a potion of berserk rage
Miscellaneous
 v - a phial of floods


   Skills:
 * Level 19.2 Fighting
 * Level 22.4 Axes
 + Level 12.8 Armour
 * Level 13.1 Dodging
 + Level 2.2 Stealth
 * Level 9.8 Evocations


You had 11 spell levels left.
You didn't know any spells.
Your spell library was empty.

Dungeon Overview and Level Annotations

Branches:
Dungeon (1/1)

Altars:
Cheibriados
Dithmenos
Elyvilon
Fedhas
Gozag
Hepliaklqana
Kikubaaqudgha
Makhleb
Nemelex Xobeh
Okawaru
Qazlal
Ru
Sif Muna
Trog
Uskayaw
Vehumet
Wu Jian
Xom
Yredelemnul
Zin
The Shining One
Beogh
Jiyva
Lugonu

Shops:
D =![=


Innate Abilities, Weirdness & Mutations

You have a pair of horns on your head.
You reflexively headbutt those who attack you in melee.
Your spells are a little easier to cast, but a little less powerful.


Message History

You feel sick.
You feel sick.
You feel sick.
You feel sick.
You feel sick.
You feel sick.
You are no longer poisoned.
Aiming: Iceblast
Press: ? - help, Q - select action, (/) - cycle Shift-Dir - straight line The mass of ice explodes!
The iceblast engulfs something!!
Something barely misses you.
Unknown command.
Aiming: Iceblast
Press: ? - help, Q - select action, (/) - cycle Shift-Dir - straight line The mass of ice explodes!
The iceblast engulfs something!!
Something hits you!
* * * LOW HITPOINT WARNING * * *
You are lethally poisoned!
You feel protected.
* * * LOW HITPOINT WARNING * * *
You feel very sick. Something barely misses you.
Aiming: Throw Flame
Press: ? - help, Q - select action, (/) - cycle Shift-Dir - straight line The puff of flame hits something!
Trog accepts your kill.
Trog appreciates your killing of a magic user.
Reactivating autopickup.
You feel a bit more experienced.
* * * LOW HITPOINT WARNING * * *
You feel very sick.
There is a lethal amount of poison in your body!
There is a lethal amount of poison in your body!
Really quaff the potion of mutation?
You feel extremely strange.
Your connection to magic feels subdued.
* * * LOW HITPOINT WARNING * * *
You feel sick.
You feel protected.
You die...

▓T▓.▓.▓.▓.▓
▓$▓.▓.▓.▓.▓
▓∩▓.▓.▓.▓.▓
▓$▓.▓.▓.▓.▓
▓∩▓.▓.▓.▓[▓
▓.▓.▓.▓.▓.▓
▓.▓.▓.▓)▓)▓
▓[▓.▓.▓.▓.▓
▓[▓@▓)▓.▓.▓
▓[▓.▓'▓.▓'▓
▓'▓)▓.▓.▓_▓
▓.▓.▓.▓.▓_▓
▓.▓.▓.▓.▓_▓
▓.▓.▓.▓.▓_▓
▓.▓.▓.▓.▓_▓
▓.▓.▓.▓.▓_▓
▓{▓.▓.▓.▓_▓


There were no monsters in sight!

Vanquished Creatures
  A stone giant (D)
  An ogre mage (D)
  2 centaur warriors (D)
  A hydra (D)
  A tengu warrior (D)
  Sonja (D)
  6 deep trolls (D)
  An orc sorcerer (D)
  An ugly thing (D)
  2 elephants (D)
  2 black mambas (D)
  3 cane toads (D)
  2 komodo dragons (D)
  6 polar bears (D)
  5 trolls (D)
  A wyvern (D)
  Eustachio (D)
  3 yaks (D)
  12 orc warriors (D)
  3 black bears (D)
  An ogre (D)
  4 wolves (D)
  A bullfrog (D)
  2 killer bees (D)
  A jelly (D)
  3 orc priests (D)
  3 orc wizards (D)
  An adder (D)
  An adder skeleton (D)
  7 orcs (D)
  A giant cockroach (D)
  A goblin (D)
  A hobgoblin (D)
  A frilled lizard (D)
  A jackal zombie (D)
  A kobold (D)
85 creatures vanquished.

Vanquished Creatures (collateral kills)
  A deep troll (D)
  A troll (D)
2 creatures vanquished.

Grand Total: 87 creatures vanquished

Notes
Turn   | Place    | Note
-------+----------+-------------------------------------------
     0 | D        | cbfl8 the Minotaur Berserker began the quest for the Orb.
     0 | D        | Reached XP level 1. HP: 19/19 MP: 0/0
     6 | D        | Reached skill level 4 in Axes
    10 | D        | Reached ** piety under Trog
    21 | D        | Noticed a jelly
    21 | D        | Noticed an ogre
    25 | D        | Banished a spatial maelstrom
    26 | D        | Killed an ogre
    27 | D        | Reached skill level 7 in Axes
    27 | D        | Reached XP level 2. HP: 34/34 MP: 1/1
    27 | D        | Reached XP level 3. HP: 39/39 MP: 2/2
    27 | D        | Reached XP level 4. HP: 47/47 MP: 3/3
    29 | D        | Reached *** piety under Trog
    33 | D        | Reached skill level 8 in Axes
    33 | D        | Reached skill level 1 in Evocations
   211 | D        | Found a snail-covered altar of Cheibriados.
   211 | D        | Found a shadowy altar of Dithmenos.
   211 | D        | Found a white marble altar of Elyvilon.
   211 | D        | Found a blossoming altar of Fedhas.
   211 | D        | Found an opulent altar of Gozag.
   212 | D        | Found a hazy altar of Hepliaklqana.
   213 | D        | Found a viscous altar of Jiyva.
   214 | D        | Found an ancient bone altar of Kikubaaqudgha.
   215 | D        | Found a corrupted altar of Lugonu.
   216 | D        | Found a burning altar of Makhleb.
   217 | D        | Found a sparkling altar of Nemelex Xobeh.
   218 | D        | Found an iron altar of Okawaru.
   219 | D        | Found a stormy altar of Qazlal.
   220 | D        | Found a sacrificial altar of Ru.
   221 | D        | Found a shimmering blue altar of Sif Muna.
   222 | D        | Found a bloodstained altar of Trog.
   223 | D        | Found a hide-covered altar of Uskayaw.
   224 | D        | Found a radiant altar of Vehumet.
   225 | D        | Found an ornate altar of the Wu Jian Council.
   226 | D        | Found a shimmering altar of Xom.
   227 | D        | Found a basalt altar of Yredelemnul.
   228 | D        | Found a glowing silver altar of Zin.
   229 | D        | Found a glowing golden altar of the Shining One.
   264 | D        | Noticed a yak
   264 | D        | Noticed a yak
   267 | D        | Reached **** piety under Trog
   268 | D        | Reached skill level 9 in Axes
   268 | D        | Reached skill level 5 in Dodging
   268 | D        | Reached XP level 5. HP: 56/56 MP: 4/4
   272 | D        | Killed a yak
   273 | D        | Reached skill level 10 in Axes
   273 | D        | Reached XP level 6. HP: 66/66 MP: 5/5
   279 | D        | Killed a yak
   280 | D        | Reached skill level 10 in Fighting
   280 | D        | Reached skill level 11 in Axes
   287 | D        | Reached skill level 12 in Axes
   287 | D        | Reached XP level 7. HP: 68/73 MP: 6/6
   287 | D        | Reached ***** piety under Trog
   600 | D        | Noticed a centaur warrior
   600 | D        | Noticed a troll
   600 | D        | Noticed a troll
   600 | D        | Noticed a centaur warrior
   600 | D        | Noticed a tengu warrior
   600 | D        | Noticed a purple ugly thing
   605 | D        | Killed a purple ugly thing
   606 | D        | Reached skill level 13 in Axes
   613 | D        | Killed a tengu warrior
   614 | D        | Reached skill level 15 in Axes
   614 | D        | Reached skill level 5 in Armour
   614 | D        | Reached XP level 8. HP: 54/85 MP: 7/7
   617 | D        | Killed a centaur warrior
   618 | D        | Reached skill level 16 in Axes
   618 | D        | Reached skill level 5 in Evocations
   618 | D        | Reached XP level 9. HP: 42/93 MP: 8/8
   654 | D        | Killed a troll
   655 | D        | Killed a troll
   655 | D        | Received a gift from Trog
   655 | D        | HP: 1/94 [centaur warrior/arrow (18)]
   656 | D        | Reached skill level 1 in Stealth
   660 | D        | Killed a centaur warrior
   661 | D        | Reached skill level 17 in Axes
   661 | D        | Reached skill level 10 in Dodging
   890 | D        | Noticed Eustachio
   895 | D        | Killed Eustachio
   976 | D        | Noticed a komodo dragon
   976 | D        | Noticed a black mamba
   976 | D        | Noticed a cane toad
   984 | D        | Noticed a six-headed hydra
   988 | D        | Killed a cane toad
   996 | D        | Noticed a komodo dragon
   997 | D        | Killed a black mamba
   998 | D        | Reached skill level 18 in Axes
   998 | D        | Reached XP level 10. HP: 104/104 MP: 9/9
  1002 | D        | Reached skill level 15 in Fighting
  1004 | D        | Killed a nine-headed hydra
  1006 | D        | Received a gift from Trog
  1347 | D        | Noticed a cane toad
  1347 | D        | Noticed an elephant
  1351 | D        | Noticed a cane toad
  1355 | D        | Noticed an elephant
  1356 | D        | Noticed a black mamba
  1359 | D        | Killed an elephant
  1360 | D        | Reached skill level 19 in Axes
  1363 | D        | Killed a cane toad
  1369 | D        | Killed a cane toad
  1369 | D        | Received a gift from Trog
  1370 | D        | Reached skill level 10 in Armour
  1372 | D        | Killed an elephant
  1378 | D        | Killed a black mamba
  1378 | D        | Reached ****** piety under Trog
  1625 | D        | Reached XP level 11. HP: 116/116 MP: 10/10
  1629 | D        | Received a gift from Trog
  1750 | D        | Noticed Sonja
  1757 | D        | Killed Sonja
  1758 | D        | Reached skill level 20 in Axes
  2488 | D        | Received a gift from Trog
  2503 | D        | Noticed a stone giant
  2520 | D        | Killed a stone giant
  2811 | D        | Noticed an orc sorcerer
  2823 | D        | Killed an orc sorcerer
  2823 | D        | Received a gift from Trog
  2839 | D        | Received a gift from Trog
  3177 | D        | Found Wutokac's Jewellery Boutique.
  3177 | D        | Noticed a deep troll
  3177 | D        | Noticed a deep troll
  3177 | D        | Noticed a deep troll
  3177 | D        | Noticed a deep troll
  3177 | D        | Noticed a deep troll
  3181 | D        | Killed a deep troll
  3182 | D        | Reached skill level 21 in Axes
  3184 | D        | Killed a deep troll
  3187 | D        | Killed a deep troll
  3191 | D        | Killed a deep troll
  3191 | D        | Identified the +6 executioner's axe "Muzaluch" {flame,
                  | Str+2 Int-2 Dex+3 Stlth+} (Trog gifted it to you in the
                  | Dungeon)
  3191 | D        | Received a gift from Trog
  3194 | D        | Killed a deep troll
  3195 | D        | Found Fuqec's Antique Armour Shop.
  3205 | D        | Found Untoxiskak's Distillery.
  3209 | D        | Found Mijy Busa's Jewellery Shop.
  3211 | D        | Noticed a deep troll
  3212 | D        | Noticed a deep troll
  3213 | D        | Noticed an ogre mage
  3214 | D        | Noticed an ogre mage
  3217 | D        | Killed a deep troll
  3218 | D        | Reached skill level 22 in Axes
  3218 | D        | Reached XP level 12. HP: 109/130 MP: 11/11
  3227 | D        | Received a gift from Trog
  3319 | D        | HP: 6/130 [poisoned by an ogre mage]
  3320 | D        | Killed an ogre mage
  3321 | D        | Gained mutation: Your spells are a little easier to cast,
                  | but a little less powerful. [potion of mutation]
  3321 | D        | HP: 1/130 [poisoned by an ogre mage]
  3322 | D        | Succumbed to an ogre mage's poison

Illustrated notes

Levels and vault maps discovered:
D:        linesprint [early_d, line_temple, items_1, d_10, items_2, lair_1,
          lair_end, items_3, orc_1, orc_end, items_4, d_15, swamp_1, shoals_1,
          snake_1, spider_1, d_20, vaults_1, items_5, swamp_end, shoals_end,
          snake_end, spider_end, vaults_end, d_27, items_6, zot_1, zot_end,
          crypt_end, forest_end, elf_end, slime_end, tomb_end, abyss_end,
          pan_hell_end]

Skill      XL: |  1  2  3  4  5  6  7  8  9 10 11 12 |
---------------+-------------------------------------+-----
Fighting       | 7 8 9 10 12 13 14 16 19 | 19.2
Axes           | 7 9 10 12 15 16 18 19 22 | 22.4
Armour         | 3 4 5 7 10 12 | 12.8
Dodging        | 4 5 6 8 9 10 11 12 13 | 13.1
Evocations     | 1 2 3 4 5 6 8 9 |  9.8
Stealth        | 1 2 |  2.2

Action                   |  1- 3 |  4- 6 |  7- 9 | 10-12 || total
-------------------------+-------+-------+-------+-------++-------
Melee: Hand axe          |    16 |     8 |       |       ||    24
       Headbutt          |     3 |     3 |    10 |    30 ||    46
       Broad axe         |       |    19 |    46 |    96 ||   161
       Punch             |       |       |       |     1 ||     1
       Executioner's axe |       |       |       |    70 ||    70
Invok: Berserk           |       |     1 |     2 |     5 ||     8
       Trog's Hand       |       |       |     2 |       ||     2
       Brothers in Arms  |       |       |     1 |     1 ||     2
Evoke: Wand              |       |       |     3 |     4 ||     7
  Use: Potion            |       |       |     8 |     9 ||    17
       Scroll            |       |       |       |     2 ||     2
Armor: Animal skin       |     3 |     1 |       |       ||     4
       Chain mail        |       |       |    35 |    38 ||    73
       Plate armour      |       |       |       |    16 ||    16
Dodge: Dodged            |    10 |    15 |    42 |    94 ||   161
